 Dungeon Sprint DCSS version 0.31-a0-931-g7b59d4eb97 (webtiles) character file.

Game seed: 1945155803953482622

124 rocky1 the Slasher (level 5, -8/41 HPs)
             Began as a Djinni Gladiator on Oct 20, 2023.
             Mangled by an orc
             ... wielding a +2 heavy war axe
              (18 damage)
             ... in the Dungeon (Sprint IX: "|||||||||||||||||||||||||||||").
             The game lasted 00:00:14 (54 turns).

rocky1 the Slasher (Djinni Gladiator)                 Turns: 54, Time: 00:00:14

Health: -8/41      AC:  4    Str: 13    XL:     5   Next: 30%
Gold:   0          EV: 15    Int: 10    God:
                   SH:  0    Dex: 16

rFire   + + .        a - +0 long sword
rCold   x . .        (no shield)
rNeg    . . .        b - +0 leather armour
rPois   ∞            c - +0 helmet
rElec   .            (no cloak)
rCorr   .            (no gloves)
SInv    .            (boots unavailable)
Will    .....        (no amulet)
Stlth   +            (no ring)
HPRegen 0.26/turn    (no ring)
MPRegen 0.00/turn

%: no teleportation, infuse magic (-9 HP)
@: flying
A: sickness immunity, fire resistance 2, cold vulnerability 1, float, innate
caster, HP casting, extra vitality 1
a: no special abilities


You were in the Dungeon.
You visited 1 branch

Inventory:

Hand Weapons
 a - a +0 long sword (weapon)
Missiles
 d - 3 throwing nets (quivered)
 e - a javelin
Armour
 b - a +0 leather armour (worn)
 c - a +0 helmet (worn)
Scrolls
 j - a scroll of blinking
Potions
 f - a potion of curing
 g - a potion of heal wounds
 h - a potion of haste
 i - a potion of berserk rage


   Skills:
 + Level 3.8 Fighting
 + Level 6.7 Long Blades
 + Level 2.6 Throwing
 + Level 0.6 Armour
 + Level 6.7 Dodging


You knew the following spells:

 Your Spells              Type           Power      Damage    Failure   Level
a - Sandblast             Erth           0%         2d4       43%         1
b - Blink                 Tloc           0%         N/A       58%         2
Your spell library was empty.

Dungeon Overview and Level Annotations

Branches:
Dungeon (1/1)

Altars:


Innate Abilities, Weirdness & Mutations

You are immune to sickness and miasma.
You are immune to poison.
Your flesh is very heat resistant. (rF++)
You are vulnerable to cold. (rC-)
You float through the air rather than walking.
You learn spells naturally, not from books.
Your magical power is your life essence.
You have superior vitality. (+4 MHP)


Message History

The hound is moderately wounded.
The hound barely misses you.
You slash the hound!
The hound is severely wounded.
The hound bites you. The hound misses you.
You closely miss the hound.
The hound is severely wounded.
The hound bites you. The hound barely misses you.
You barely miss the hound.
The hound is severely wounded.
The hound closely misses you.
You hit the hound.
You kill the hound!
You have reached level 5!
The power to cast Blink wells up from within.
Spell assigned to 'b'.
You barely miss the orc.
The orc is heavily wounded.
The orc barely misses you.
You hit the orc but do no damage.
The orc is heavily wounded.
The orc closely misses you.
You closely miss the orc.
The orc is heavily wounded.
The orc barely misses you.
You completely miss the orc.
The orc is heavily wounded.
The orc hits you with a +0 flail.
* * * LOW HITPOINT WARNING * * *
You slash the orc!
You kill the orc!
The orc closely misses you.
You closely miss the orc. You hit the orc.
The orc is heavily wounded.
The orc closely misses you.
You barely miss the orc.
The orc is heavily wounded.
The orc hits you with a +2 heavy war axe!!
You die... ▓▓▓▓▓▓▓▓▓▓▓▓▓▓▓▓▓▓ ▓<...'†...@o.....+ ▓▓▓▓▓▓▓▓▓▓▓▓▓▓▓▓▓▓

You could see an orc.

Vanquished Creatures
  A scorpion (D)
  A hound (D)
  A jelly (D)
  An orc (D)
  2 ball pythons (D)
  A frilled lizard (D)
  2 rats (D)
9 creatures vanquished.

Notes
Turn   | Place    | Note
-------+----------+-------------------------------------------
     0 | D        | rocky1 the Djinni Gladiator began the quest for the Orb.
     0 | D        | Reached XP level 1. HP: 18/18 MP: 0/0
    24 | D        | Noticed a scorpion
    24 | D        | Noticed a jelly
    24 | D        | Noticed a hound
    29 | D        | Killed a scorpion
    30 | D        | Reached skill level 5 in Long Blades
    30 | D        | Reached skill level 5 in Dodging
    30 | D        | Reached XP level 2. HP: 11/25 MP: 0/0
    30 | D        | Reached XP level 3. HP: 13/30 MP: 0/0
    30 | D        | Learned a level 1 spell: Sandblast
    30 | D        | Reached XP level 4. HP: 15/35 MP: 0/0
    47 | D        | Reached XP level 5. HP: 14/41 MP: 0/0
    47 | D        | Learned a level 2 spell: Blink
    54 | D        | Mangled by an orc

Illustrated notes

Levels and vault maps discovered:
D:        linesprint [early_d, line_temple, items_1, d_10, items_2, lair_1,
          lair_end, items_3, orc_1, orc_end, items_4, d_15, swamp_1, shoals_1,
          snake_1, spider_1, d_20, vaults_1, items_5, swamp_end, shoals_end,
          snake_end, spider_end, vaults_end, d_27, items_6, zot_1, zot_end,
          crypt_end, forest_end, elf_end, slime_end, tomb_end, abyss_end,
          pan_hell_end]

Skill      XL: |  1  2  3  4 |
---------------+-------------+-----
Long Blades    | 5 6 |  6.7
Fighting       | 3 |  3.8
Throwing       | 2 |  2.6
Dodging        | 5 6 |  6.7
Armour         | |  0.6

Action                     |  1- 3 |  4- 6 || total
---------------------------+-------+-------++-------
  Melee: Long sword        |    19 |    25 ||    44
 Armour: Leather armour    |     8 |     4 ||    12
  Dodge: Dodged            |    16 |    19 ||    35

Table legend: (Time is in decaauts)
 A = Elapsed time spent in this place.
 B = Non-inter-level travel time spent in this place.
 C = Inter-level travel time spent in this place.
 D = Time resting spent in this place.
 E = Time spent auto-exploring this place.
 F = Levels seen in this place.
 G = Mean time per level.
                   A        B        C        D        E       F      G
               +--------+--------+--------+--------+--------+-----+--------+
         Total |     61 |     61 |      0 |      0 |      0 |   1 |   61.0 |
       Dungeon |     61 |     61 |      0 |      0 |      0 |   1 |   61.0 |
               +--------+--------+--------+--------+--------+-----+--------+

Top non-repeatable levels by time:
       D: 61 daAuts
